Map: Zen LE

Players

antagomiR

  • Race: Protoss Protoss
  • League: Gold
  • Spawn Location: 1:00

VOD

Have the link to the VOD?

Description

Time

  • Played on: April 19, 2020, 1:58 p.m.
  • Length: 8:31
Show
View Real Time Build Order
Export as new Build Order

antagomiR Protoss 

Build Orders:  

Get SALT Encoding   

  12  0:05  Probe (Chrono Boost)  
  14  0:22  Probe (Chrono Boost)  
  14  0:37  Pylon  
  14  0:42  Probe (Chrono Boost)  
  15  1:05  Probe (Chrono Boost)  
  16  1:17  Gateway  
  16  1:26  Probe (Chrono Boost)  
  17  1:39  Assimilator  
  17  1:43  Probe (Chrono Boost)  
  18  1:53  Assimilator  
  19  2:00  Probe (Chrono Boost)  
  19  2:17  Probe (Chrono Boost)  
  20  2:24  Cybernetics Core  
  20  2:35  Pylon  
  20  2:37  Probe (Chrono Boost)  
  21  2:54  Probe (Chrono Boost)  
  21  3:13  Nexus  
  23  3:22  Probe  
  24  3:39  Probe  
  25  3:56  Probe  
  26  4:01  Unknown  
  26  4:08  Pylon  
  26  4:15  Warp Gate (Chrono Boost), Sentry  
  28  4:21  Probe  
  29  4:33  Robotics Facility  
  29  4:38  Probe  
  30  4:51  Stalker  
  30  4:52  Gateway  
  30  4:54  Gateway  
  30  4:55  Probe  
  33  5:03  Probe  
  34  5:12  Probe  
  35  5:20  Probe  
  35  5:29  Probe  
  37  5:33  Sentry  
  37  5:39  Observer  
  40  6:01  Probe x2  
  40  6:09  Observer  
  43  6:23  Probe x2  
  45  6:36  Stalker  
  45  6:38  Sentry  
  49  6:49  Probe x2  
  51  7:06  Probe  
  51  7:07  Nexus  
  51  7:08  Pylon  
  52  7:10  Pylon  
  52  7:13  Probe  
  53  7:22  Probe  
  53  7:24  Pylon  
  54  7:33  Probe  
  54  7:35  Pylon  
  54  7:39  Probe  
  60  7:40  Pylon  
  60  7:50  Probe  
  60  7:56  Probe  
  62  8:10  Pylon  
  62  8:17  Stalker x3  
Tags
 
League
Gold
Matchup
Co-op
Replay Pack
20200422
Add a new tag
Caveats
  • Supply blocks, unpowered buildings, or Contaminate may cause inaccurate times.
  • Supply counts are checked every 10 seconds.